 Dungeon Crawl Stone Soup version 0.17.0-1-g61d176b (console) character file.

40 gw the Slasher (level 3, 0/27 HPs)
             Began as a Demonspawn Gladiator on Nov 8, 2015.
             Slain by a goblin (3 damage)
             ... led by Robin
             ... on level 2 of the Dungeon.
             The game lasted 00:01:15 (1190 turns).

gw the Slasher (Demonspawn Gladiator)               Turns: 1190, Time: 00:01:15

Health: 0/27       AC:  6    Str: 15    XL:     3   Next: 30%
Magic:  3/3        EV: 11    Int:  9    God:
Gold:   97         SH:  0    Dex: 14    Spells: 0 memorised, 2 levels left

rFire  . . .     SeeInvis .     a - +0 long sword
rCold  + . .     Clarity  .     f - +0 ring mail
rNeg   . . .     SustAt   .     (no shield)
rPois  .         Gourm    .     c - +0 helmet
rElec  .         Spirit   .     (no cloak)
rCorr  .         Warding  .     (no gloves)
rMut   .         Stasis   .     (no boots)
MR     .....                    (no amulet)
Stlth  +.........               (no ring)
                                (no ring)

@: not resistant to hostile enchantments, very unstealthy
A: cold resistance 1
a: no special abilities


You were on level 2 of the Dungeon.
You were not hungry.

You visited 1 branch of the dungeon, and saw 2 of its levels.

You collected 97 gold pieces.

Inventory:

Hand Weapons
 a - a +0 long sword (weapon)
Missiles
 b - 5 stones (quivered)
 d - 3 throwing nets
Armour
 c - a +0 helmet (worn)
 f - a +0 ring mail (worn)
Comestibles
 e - a bread ration


   Skills:
 + Level 2.2 Fighting
 * Level 3.3 Long Blades
 + Level 2.3 Throwing
 + Level 1.0 Armour
 - Level 2.6 Dodging


You had 2 spell levels left.
You didn't know any spells.

Dungeon Overview and Level Annotations

Branches:
Dungeon (2/15)

Altars:


Innate Abilities, Weirdness & Mutations

Your flesh is cold resistant.


Message History

You hit the hobgoblin.
You kill the hobgoblin!
The goblin barely misses you. The goblin closely misses you.
Unknown command.
Unknown command.
Unknown command.
Unknown command.
ATTACKING (-1,0)
You slash the ball python!
You kill the ball python!
The goblin hits you but does no damage. The hobgoblin barely misses you.
Unknown command.
Unknown command.
Unknown command.
Unknown command.
ATTACKING (-1,0)
You hit the hobgoblin.
You kill the hobgoblin!
The goblin hits you.
You die...

. .. gg#################
... g.gg..)............
.... #g....(...##.#
..... #.........##.#
......#####.........##.#
.>....g6gg).....%...##.#
#.#.#.########..#.####.#
# #####.#.# #.#
........####.#
######........ #..####.#
#........ ######..####.#
..............


You could see a hobgoblin and 2 goblins.

Table legend:
 A = Turns spent in this place as a percentage of turns spent in the entire game.
 B = Non-inter-level travel turns spent in this place as a percentage of non-inter-level travel turns spent in the entire game.
 C = Inter-level travel turns spent in this place as a percentage of turns spent in this place.
 D = Turns resting spent in this place as a percentage of non-inter-level travel turns spent in this place.
 E = Turns spent auto-exploring this place as a percentage of non-inter-level travel turns spent in this place.
 F = Non-inter-level travel turns spent in this place divided by the number of levels of this place that you've seen.
                   A       B       C       D       E      F
               +-------+-------+-------+-------+-------+----------------------
         Total | 100.0 | 100.0 |   0.2 |   0.8 |   2.5 | 911.0
       Dungeon | 100.0 | 100.0 |   0.2 |   0.8 |   2.5 | 911.0
               +-------+-------+-------+-------+-------+----------------------

Table legend:
 A = Kills in this place as a percentage of kills in entire the game.
 B = Kills by you in this place as a percentage of kills by you in the entire game.
 C = Kills by friends in this place as a percentage of kills by friends in the entire game.
 D = Other kills in this place as a percentage of other kills in the entire game.
 E = Experience gained in this place as a percentage of experience gained in the entire game.
 F = Experience gained in this place divided by the number of levels of this place that you have seen.
                   A       B       C       D       E      F
               +-------+-------+-------+-------+-------+----------------------
         Total | 100.0 | 100.0 |  -nan |  -nan | 100.0 |  29.0
       Dungeon | 100.0 | 100.0 |  -nan |  -nan | 100.0 |  29.0
               +-------+-------+-------+-------+-------+----------------------

Vanquished Creatures
  Robin (D:2)
  A worm (D:2)
  2 bats
  A giant cockroach (D:1)
  7 hobgoblins
  3 ball pythons
  A giant newt (D:1)
  6 goblins
  4 kobolds (D:1)
  3 rats (D:1)
29 creatures vanquished.

Notes
Turn   | Place    | Note
--------------------------------------------------------------
     0 | D:1      | gw the Demonspawn Gladiator began the quest for the Orb.
     0 | D:1      | Reached XP level 1. HP: 16/16 MP: 1/1
   507 | D:1      | Gained mutation: Your flesh is cold resistant. [demonic ancestry]
   507 | D:1      | Reached XP level 2. HP: 22/22 MP: 2/2
   817 | D:1      | Reached skill level 3 in Long Blades
  1169 | D:2      | Noticed Robin
  1177 | D:2      | Killed Robin
  1177 | D:2      | Reached skill level 1 in Armour
  1177 | D:2      | Reached XP level 3. HP: 15/27 MP: 3/3
  1190 | D:2      | Slain by a goblin

Action                   || total
-------------------------++-------
Melee: Long sword        ||    75
Throw: Stone             ||    20
  Eat: Chunk             ||     1

Vault maps used:
D:1:      evilmike_arrival_crescent
D:2:      nicolae_tso_swordbearing_angel, uniq_robin
